AoeStats
← YellowHaze

Oasis

509097099Analyzed
4v4 RM · 6d ago on Sep 25, 2026· 44m 26s· 8 players
Game mode
Random Map
Map size
Large (8 player)
Population
200
Speed
Normal
Resources
Standard
Victory
Conquest
Starting age
Dark Age
Ending age
Imperial Age
RankedLock teamsTeams togetherTeam positionsShared explorationLock speedFull tech treeHidden civsTurbo modeCheats
Victory
Defeat
🇨🇳 Magyars · China
936
+15
🇨🇳 Cumans · China
913
+16
🇵🇰 Mongols · Pakistan
902
+17
🇦🇷 Celts · Argentina
854
+19
🇷🇺 Portuguese · Russia
1020
-21
🇿🇦 Maya · South Africa
913
-17
🇹🇷 Varangians · Türkiye
872
-15
🇷🇺 Bohemians · Russia
861
-14
BalabanPasa
KOMMEPCAHT
6:38 Loom
12:42 Feudal Age
14:09 Double-Bit Axe
14:07 Horse Collar
17:15 Castle Age
16:58 Wheelbarrow
19:17 Hand Cart
25:33 Bow Saw
25:27 Heavy Plow
32:05 Imperial Age
30:18 Gold Mining
30:18 Stone Mining
30:44 Fortified Wall
30:56 Ballistics
31:29 Fletching
31:22 Treadmill Crane
31:38 Murder Holes
31:54 Masonry
34:00 Chemistry
33:05 Siege Engineers
33:31 Architecture
33:00 Bodkin Arrow
33:34 Arquebus
36:03 Conscription
37:19 Bombard Tower
37:17 Arson
37:18 Gambesons
36:53 Pikeman
37:56 Bracer
38:07 Forging
37:57 Scale Mail Armor
38:40 Scale Barding Armor
38:04 Halberdier
Adment_Vk
0:58 Loom
14:31 Feudal Age
20:28 Castle Age
18:53 Double-Bit Axe
32:10 Imperial Age
32:22 Chemistry
31:43 Ballistics
32:53 Wheelbarrow
32:02 Horse Collar
32:39 Bow Saw
33:19 Heavy Plow
34:51 Hand Cart
35:47 Two-Man Saw
35:31 Pikeman
36:45 Halberdier
38:11 Squires
37:56 Arson
42:08 Houfnice
Hondkop
0:33 Loom
10:31 Feudal Age
21:19 Castle Age
21:25 Castle Age
20:46 Fletching
20:57 Scale Mail Armor
21:44 Eagle Warrior
22:28 Squires
22:17 Arson
22:23 Crossbowman
23:03 Bodkin Arrow
23:59 Elite Skirmisher
28:40 Horse Collar
28:50 Double-Bit Axe
32:59 Pikeman
36:51 Bow Saw
36:44 Heavy Plow
37:57 Wheelbarrow
37:08 Town Watch
41:14 Imperial Age
39:01 Hand Cart
40:32 Chain Mail Armor
40:18 Padded Archer Armor
42:28 Conscription
white cat
12:36 Feudal Age
13:46 Loom
15:07 Double-Bit Axe
18:33 Horse Collar
21:55 Castle Age
22:30 Wheelbarrow
23:31 Bow Saw
23:31 Gold Mining
23:33 Stone Mining
24:53 Hand Cart
26:20 Ballistics
29:53 Imperial Age
28:18 Gold Shaft Mining
28:16 Forging
28:12 Scale Barding Armor
28:36 Town Watch
30:18 Iron Casting
30:04 Chain Barding Armor
31:05 Masonry
32:22 Chemistry
33:56 Two-Man Saw
32:19 Elite Steppe Lancer
33:11 Bloodlines
33:24 Masonry
33:37 Conscription
33:22 Fletching
34:41 Steppe Husbandry
37:27 Blast Furnace
38:53 Blast Furnace
38:29 Plate Barding Armor
38:53 Hoardings
39:15 Murder Holes
39:33 Heavy Plow
42:34 Bodkin Arrow
42:39 Padded Archer Armor
Wolf-Salomon
5:42 Loom
11:17 Feudal Age
12:37 Wheelbarrow
11:50 Double-Bit Axe
16:23 Town Watch
22:28 Horse Collar
23:51 Forging
24:39 Scale Barding Armor
27:39 Castle Age
26:07 Fletching
28:41 Hand Cart
29:16 Gold Mining
32:06 Heavy Plow
33:48 Bow Saw
33:53 Scale Barding Armor
34:45 Stone Mining
35:07 Husbandry
36:09 Stone Shaft Mining
41:54 Gold Shaft Mining
45:58 Imperial Age
YellowHaze
0:49 Loom
10:59 Feudal Age
16:01 Castle Age
14:23 Double-Bit Axe
15:07 Fletching
18:12 Horse Collar
18:28 Town Watch
21:48 Bloodlines
23:07 Ballistics
22:51 Husbandry
24:45 Bodkin Arrow
24:50 Padded Archer Armor
27:10 Heavy Plow
28:29 Wheelbarrow
30:13 Hand Cart
31:08 Gold Mining
31:10 Stone Mining
36:06 Imperial Age
35:06 Leather Archer Armor
35:05 Masonry
36:07 Gold Shaft Mining
36:11 Stone Shaft Mining
35:49 Bow Saw
35:12 Light Cavalry
36:04 Forging
36:00 Scale Barding Armor
36:17 Thumb Ring
38:10 Conscription
38:43 Elite Mangudai
39:51 Bracer
41:55 Chemistry
41:26 Parthian Tactics
41:55 Hussar
949463290
10:44 Feudal Age
11:15 Double-Bit Axe
21:21 Castle Age
19:31 Horse Collar
19:46 Stone Mining
19:56 Gold Mining
21:16 Bloodlines
23:01 Bow Saw
23:17 Heavy Plow
30:26 Imperial Age
30:56 Wheelbarrow
30:26 Corvinian Army
32:13 Scale Barding Armor
33:24 Two-Man Saw
32:36 Husbandry
33:51 Elite Magyar Huszar
35:03 Chain Barding Armor
45:16 Plate Barding Armor
Connection lost

Rejoining the realm…

Still unreachable

The connection could not be restored.

Session expired

The server has moved on; the page needs a fresh start.